Map: Blackburn LE

Players

A.I. 1 (Very Easy)

  • Race: Zerg Zerg

RumbleRandy - Winner!

  • Race: Terran Terran
  • League: Diamond

VOD

Have the link to the VOD?

Description

Time

  • Played on: Oct. 23, 2021, 11:47 p.m.
  • Length: 10:30
Show
View Real Time Build Order
Export as new Build Order

A.I. 1 (Very Easy) Zerg 

Build Orders: Pool Only 

Get SALT Encoding   

  12  0:00  Drone  
  13  0:12  Overlord  
  13  0:17  Drone  
  14  0:34  Spawning Pool  
  13  0:37  Drone  
  13  0:41  Extractor  
  13  0:44  Drone  
  14  0:52  Overlord  
  14  1:21  Queen, Zergling x2  
  17  1:29  Roach Warren  
  17  1:32  Drone  
  17  1:37  Extractor  
  16  1:42  Drone, Zergling x2  
  18  1:54  Drone  
  19  2:02  Zergling x2  
  19  2:04  Drone  
  21  2:15  Drone  
  22  2:26  Drone  
  22  2:28  Overlord  
  23  2:33  Drone  
  24  2:40  Drone  
  25  5:59  Zergling x2  
  25  6:02  Overlord, Drone, Lair  
  21  6:09  Drone  
  16  6:17  Drone  
  11  6:24  Drone  
  7  6:28  Roach  
  7  6:31  Drone  
  5  6:38  Drone  
  5  6:45  Drone  
  4  6:53  Drone  
  2  6:56  Zergling x2  
  2  7:00  Overseer x2, Drone  
  3  7:07  Drone  
  5  7:15  Drone  
  2  7:22  Drone  
  2  7:29  Drone  
Show
View Real Time Build Order
Export as new Build Order

RumbleRandy Terran - Winner!

Build Orders: Reaper Expand, Mech 

Get SALT Encoding   

  12  0:00  SCV  
  13  0:12  SCV  
  14  0:17  Supply Depot  
  14  0:24  SCV  
  15  0:38  SCV  
  15  0:40  Barracks  
  16  0:45  Refinery  
  16  0:50  SCV  
  17  1:03  SCV  
  18  1:15  SCV  
  19  1:27  Reaper, Orbital Command  
  20  1:42  Command Center  
  20  1:49  Supply Depot  
  20  1:53  SCV  
  21  1:59  Marine  
  22  2:06  SCV  
  23  2:11  Factory  
  23  2:17  Marine  
  23  2:18  SCV  
  23  2:21  Refinery  
  25  2:30  SCV  
  26  2:42  Barracks Reactor  
  26  2:45  SCV  
  27  2:53  Orbital Command  
  27  2:57  SCV, Starport  
  28  3:09  SCV  
  29  3:21  SCV, Command Center  
  29  3:22  SCV  
  31  3:28  Hellion  
  31  3:33  Hellion, SCV  
  36  3:40  Fusion Core  
  36  3:42  SCV  
  36  3:45  SCV  
  38  3:49  Supply Depot  
  38  3:54  SCV, Hellion  
  41  3:57  Hellion  
  41  3:59  SCV  
  41  4:01  Starport Tech Lab  
  44  4:09  SCV  
  45  4:11  SCV  
  45  4:16  Hellion  
  48  4:19  Hellion  
  48  4:24  SCV x2  
  52  4:32  Battlecruiser  
  52  4:34  Supply Depot  
  58  4:39  Orbital Command  
  58  4:41  SCV x2  
  58  4:45  Refinery  
  60  4:47  Refinery  
  60  4:56  SCV x2  
  62  5:01  Supply Depot  
  62  5:08  SCV  
  62  5:09  SCV x2  
  62  5:10  Factory x2  
  65  5:16  Supply Depot  
  65  5:20  SCV  
  65  5:21  SCV x2  
  68  5:30  Supply Depot  
  68  5:32  SCV  
  68  5:33  SCV  
  71  5:37  Battlecruiser  
  71  5:41  Orbital Command  
  76  5:45  Hellion x2  
  76  5:47  Weapon Refit  
  80  5:50  SCV x2  
  80  5:52  Supply Depot  
  82  6:02  Factory Tech Lab x2, SCV  
  83  6:06  SCV x2  
  87  6:11  Hellion x2  
  87  6:12  Refinery  
  87  6:13  Refinery  
  87  6:15  SCV  
  90  6:18  SCV x2  
  90  6:20  Supply Depot  
  90  6:24  Engineering Bay  
  92  6:26  Supply Depot  
  92  6:27  SCV, Siege Tank x2  
  92  6:30  SCV  
  92  6:31  SCV  
  92  6:32  Armory  
  101  6:33  Armory  
  101  6:39  SCV  
  102  6:42  Hellion x2  
  102  6:43  SCV x2  
  108  6:51  SCV  
  108  6:52  Supply Depot  
  109  6:54  Supply Depot  
  109  6:55  SCV x2  
  109  6:58  Sensor Tower  
  109  7:00  Siege Tank x2  
  117  7:04  SCV  
  117  7:07  SCV x2  
  120  7:13  Hellion x2  
  124  7:21  Supply Depot  
  124  7:22  Terran Vehicle And Ship Armor Level 1, Terran Vehicle Weapons Level 1, Supply Depot  
  124  7:23  SCV x3  
  127  7:34  Siege Tank, Command Center  
  130  7:40  Siege Tank  
  130  7:41  Hellion  
  130  7:42  Hellion  
  130  7:45  Supply Depot  
  130  7:48  Supply Depot  
  130  7:56  Smart Servos  
  130  7:57  Infernal Pre-Igniter  
  130  7:58  SCV x3  
  130  8:03  Supply Depot  
  130  8:10  SCV x2  
  130  8:11  SCV  
  130  8:21  Factory  
  130  8:22  Factory x2  
  130  8:23  Factory  
  130  8:24  Factory  
  130  8:29  Command Center  
  130  8:34  Hellion x2, Siege Tank x2  
  130  8:46  SCV x2  
  130  8:47  Supply Depot  
  130  8:56  Supply Depot  
  130  8:57  Supply Depot  
  130  9:06  Thor x2  
  130  9:07  Factory Tech Lab x3  
  130  9:08  Factory Tech Lab  
  130  9:12  Planetary Fortress  
  130  9:14  Factory Reactor  
  130  9:15  Refinery  
  130  9:16  Refinery  
  130  9:17  Sensor Tower  
  130  9:20  Command Center  
  130  9:28  Hellion  
  130  9:29  Hellion x3  
  130  9:36  Hellion x2  
  130  9:47  Command Center  
  130  9:50  Hellion x3  
  130  10:00  Hellion x12  
  130  10:05  Hellion  
Tags
 
Add a new tag
Caveats
  • Supply blocks, unpowered buildings, or Contaminate may cause inaccurate times.
  • Supply counts are checked every 10 seconds.